TOP OF THE 1ST |
Vancouver Canadians batting - Pitching for Vermont Lake Monsters : RHP C.J. Ledger
|
Pitching: RHP C.J. Ledger
|
|
Batting: LHB Teko van de Sande
|
0-0: Ball 1-0: Swinging Strike 1-1: Ball 2-1: Foul Ball, location: 2F 2-2: Strikes out looking
|
Batting: RHB Kyle Scruggs
|
0-0: SINGLE (Line Drive, 8RS, EV 101.9 MPH)
|
Batting: RHB Jose Garate
|
0-0: Ball 1-0: Swinging Strike 1-1: Foul Ball, location: 2F 1-2: 2-RUN HOME RUN (Flyball, 78XD, EV 100.6 MPH), Distance : 409 ft
|
Batting: LHB Tatsuyuki Yamada
|
0-0: Called Strike 0-1: Ball 1-1: Ball 2-1: DOUBLE (Flyball, 8LXD, EV 110.6 MPH)
|
Batting: LHB Edgar Castillo
|
0-0: Ball 1-0: Ball 2-0: Ball 3-0: Called Strike 3-1: Base on Balls
|
Batting: SHB Ryan Chicoine
|
0-0: Called Strike 0-1: Ball 1-1: Ball 2-1: Called Strike 2-2: Strikes out looking
|
Batting: RHB Lamberto Amicis
|
0-0: Ball Tatsuyuki Yamada steals 3rd base 1-0: SINGLE (Groundball, 5S, EV 69.4 MPH) (infield hit) Tatsuyuki Yamada scores Edgar Castillo to second
|
Batting: RHB Dan Hilyer
|
0-0: Ball 1-0: Fly out, F9 (Flyball, 89D, EV 103.8 MPH)
|
Top of the 1st over - 3 runs, 4 hits, 0 errors, 2 left on base; Vancouver 3 - Vermont 0 |
BOTTOM OF THE 1ST |
Vermont Lake Monsters batting - Pitching for Vancouver Canadians : RHP Humberto Gutierrez
|
Pitching: RHP Humberto Gutierrez
|
|
Batting: RHB Danny Heikkila
|
0-0: Ball 1-0: SINGLE (Line Drive, 56D, EV 98.1 MPH)
|
Pitching: RHP Josh Weinmann
|
|
Batting: RHB Ricardo Mariscal
|
0-0: Called Strike 0-1: Called Strike 0-2: Strikes out swinging
|
Batting: LHB Billy Schultz
|
0-0: Called Strike 0-1: Swinging Strike 0-2: Ball Danny Heikkila steals 2nd base 1-2: Ball 2-2: Ball 3-2: Foul Ball, location: 2F 3-2: Strikes out swinging
|
Batting: LHB Angel Sanchez
|
0-0: Ball 1-0: Ball 2-0: Ball 3-0: Called Strike 3-1: Foul Ball, location: 2F 3-2: Ground out 4-3 (Groundball, 4, EV 89.4 MPH)
|
Bottom of the 1st over - 0 runs, 1 hit, 0 errors, 1 left on base; Vancouver 3 - Vermont 0 |
TOP OF THE 2ND |
Vancouver Canadians batting - Pitching for Vermont Lake Monsters : RHP C.J. Ledger
|
Batting: LHB Adam Santarelli
|
0-0: Ball 1-0: Ball 2-0: Foul Ball, location: 2F 2-1: Ground out U3 (Groundball, 3L, EV 80.6 MPH)
|
Batting: LHB Teko van de Sande
|
0-0: Ball 1-0: Ball 2-0: Ball 3-0: Called Strike 3-1: Foul Ball, location: 2F 3-2: Foul Ball, location: 2F 3-2: Foul Ball, location: 2F 3-2: Fly out, F6 (Line Drive, 6, EV 67.5 MPH)
|
Batting: RHB Kyle Scruggs
|
0-0: Ball 1-0: Foul Ball, location: 2F 1-1: Ball 2-1: Foul Ball, location: 2F 2-2: SINGLE (Flyball, 34D, EV 96.2 MPH)
|
Batting: RHB Jose Garate
|
0-0: Ball 1-0: Called Strike 1-1: Ball 2-1: Swinging Strike 2-2: Strikes out looking
|
Top of the 2nd over - 0 runs, 1 hit, 0 errors, 1 left on base; Vancouver 3 - Vermont 0 |
BOTTOM OF THE 2ND |
Vermont Lake Monsters batting - Pitching for Vancouver Canadians : RHP Josh Weinmann
|
Batting: RHB Tony Moran
|
0-0: Ball 1-0: Foul Ball, location: 2F 1-1: Ball 2-1: Ball 3-1: Called Strike 3-2: Ground out 3-1 (Groundball, 34, EV 108.1 MPH)
|
Batting: SHB Mike Jorgenson
|
0-0: Called Strike 0-1: Ball 1-1: Ball 2-1: Ground out U3 (Groundball, 3, EV 79.4 MPH)
|
Batting: RHB Jose Marquez
|
0-0: Foul Ball, location: 2F 0-1: Foul Ball, location: 2F 0-2: Strikes out swinging
|
Bottom of the 2nd over - 0 runs, 0 hits, 0 errors, 0 left on base; Vancouver 3 - Vermont 0 |
TOP OF THE 3RD |
Vancouver Canadians batting - Pitching for Vermont Lake Monsters : RHP C.J. Ledger
|
Batting: LHB Tatsuyuki Yamada
|
0-0: Ball 1-0: Swinging Strike 1-1: Ball 2-1: Fly out, F5 (Popup, 56S, EV 74.4 MPH)
|
Batting: LHB Edgar Castillo
|
0-0: Fly out, F9 (Flyball, 89S, EV 89.4 MPH)
|
Batting: SHB Ryan Chicoine
|
0-0: Foul Ball, location: 2F 0-1: Ball 1-1: Called Strike 1-2: Ball 2-2: Ball 3-2: Base on Balls
|
Batting: RHB Lamberto Amicis
|
0-0: Ball Ryan Chicoine steals 2nd, throwing error, E2 Ryan Chicoine to third 1-0: Ball 2-0: Ball 3-0: Called Strike 3-1: DOUBLE (Line Drive, 7LD, EV 101.9 MPH) Ryan Chicoine scores
|
Batting: RHB Dan Hilyer
|
0-0: Ball Lamberto Amicis steals 3rd base 1-0: Fly out, F8 (Flyball, 8LS, EV 91.2 MPH)
|
Top of the 3rd over - 1 run, 1 hit, 1 error, 1 left on base; Vancouver 4 - Vermont 0 |
BOTTOM OF THE 3RD |
Vermont Lake Monsters batting - Pitching for Vancouver Canadians : RHP Josh Weinmann
|
Batting: RHB Brian Rathbun
|
0-0: Ball 1-0: Called Strike 1-1: Fly out, F6 (Popup, 6MS, EV 71.9 MPH)
|
Batting: RHB Justin Menotti
|
0-0: Ball 1-0: Called Strike 1-1: Foul Ball, location: 2F 1-2: Ball 2-2: Ball 3-2: Ground out U3 (Groundball, 34, EV 105.6 MPH)
|
Batting: RHB Danny Heikkila
|
0-0: Swinging Strike 0-1: Foul Ball, location: 2F 0-2: Ground out 5-3 (Groundball, 56S, EV 80.0 MPH)
|
Bottom of the 3rd over - 0 runs, 0 hits, 0 errors, 0 left on base; Vancouver 4 - Vermont 0 |
TOP OF THE 4TH |
Vancouver Canadians batting - Pitching for Vermont Lake Monsters : RHP C.J. Ledger
|
Batting: LHB Adam Santarelli
|
0-0: Fly out, F3 (Line Drive, 3, EV 68.1 MPH)
|
Batting: LHB Teko van de Sande
|
0-0: Called Strike 0-1: Ball 1-1: Called Strike 1-2: SINGLE (Groundball, 56S, EV 63.8 MPH) (infield hit)
|
Batting: RHB Kyle Scruggs
|
0-0: Ball Teko van de Sande steals 2nd base 1-0: Swinging Strike 1-1: Swinging Strike 1-2: Strikes out swinging
|
Batting: RHB Jose Garate
|
0-0: Ball 1-0: Swinging Strike 1-1: Called Strike 1-2: Fly out, F7 (Line Drive, 7, EV 100.6 MPH)
|
Top of the 4th over - 0 runs, 1 hit, 0 errors, 1 left on base; Vancouver 4 - Vermont 0 |
BOTTOM OF THE 4TH |
Vermont Lake Monsters batting - Pitching for Vancouver Canadians : RHP Josh Weinmann
|
Batting: RHB Ricardo Mariscal
|
0-0: Foul Ball, location: 2F 0-1: Ball 1-1: Ground out 6-3 (Groundball, 56, EV 107.5 MPH)
|
Batting: LHB Billy Schultz
|
0-0: Ball 1-0: Swinging Strike 1-1: Fly out, F5 (Popup, 5F, EV 61.9 MPH)
|
Batting: LHB Angel Sanchez
|
0-0: Called Strike 0-1: Called Strike 0-2: Ball 1-2: Strikes out looking
|
Bottom of the 4th over - 0 runs, 0 hits, 0 errors, 0 left on base; Vancouver 4 - Vermont 0 |
TOP OF THE 5TH |
Vancouver Canadians batting - Pitching for Vermont Lake Monsters : RHP C.J. Ledger
|
Batting: LHB Tatsuyuki Yamada
|
0-0: Ball 1-0: Ball 2-0: Called Strike 2-1: Called Strike 2-2: Ball 3-2: Foul Ball, location: 2F 3-2: Base on Balls
|
Pitching: RHP Eddie Carrasco
|
|
Batting: LHB Edgar Castillo
|
0-0: Called Strike 0-1: SINGLE (Line Drive, 56D, EV 97.5 MPH) Tatsuyuki Yamada to second Runner from 2nd tries for 3rd, SAFE, throw by LF made to third
|
Batting: SHB Ryan Chicoine
|
0-0: Foul Ball, location: 2F 0-1: Ball 1-1: Foul Ball, location: 2F 1-2: Ball Edgar Castillo steals 2nd base 2-2: Foul Ball, location: 2F 2-2: Ball 3-2: Ground out U3 (Groundball, 3, EV 83.1 MPH)
|
Batting: RHB Lamberto Amicis
|
0-0: Ball 1-0: Ball 2-0: TRIPLE (Flyball, 89XD, EV 98.1 MPH) Tatsuyuki Yamada scores Edgar Castillo scores
|
Batting: RHB Dan Hilyer
|
0-0: Called Strike 0-1: Ball 1-1: Foul Ball, location: 2F 1-2: Strikes out swinging
|
Batting: LHB Adam Santarelli
|
0-0: Called Strike 0-1: Called Strike 0-2: Foul Ball, location: 2F 0-2: Ball 1-2: Ground out 4-3 (Groundball, 4, EV 90.0 MPH)
|
Top of the 5th over - 2 runs, 2 hits, 0 errors, 1 left on base; Vancouver 6 - Vermont 0 |
BOTTOM OF THE 5TH |
Vermont Lake Monsters batting - Pitching for Vancouver Canadians : RHP Josh Weinmann
|
Batting: RHB Tony Moran
|
0-0: Called Strike 0-1: Ball 1-1: Foul Ball, location: 2F 1-2: SINGLE (Groundball, 4M, EV 108.1 MPH) (infield hit)
|
Batting: SHB Mike Jorgenson
|
0-0: Called Strike 0-1: Swinging Strike 0-2: Ball 1-2: Strikes out swinging
|
Batting: RHB Jose Marquez
|
0-0: Fly out, F8 (Flyball, 8LD, EV 94.4 MPH)
|
Batting: RHB Brian Rathbun
|
0-0: Called Strike 0-1: Called Strike 0-2: Foul Ball, location: 2F 0-2: Ball 1-2: Foul Ball, location: 2F 1-2: Foul Ball, location: 2F 1-2: Ball 2-2: Ground out 1-3 (Groundball, 13S, EV 63.8 MPH)
|
Bottom of the 5th over - 0 runs, 1 hit, 0 errors, 1 left on base; Vancouver 6 - Vermont 0 |
TOP OF THE 6TH |
Vancouver Canadians batting - Pitching for Vermont Lake Monsters : RHP Eddie Carrasco
|
Batting: LHB Teko van de Sande
|
0-0: Called Strike 0-1: Ground out U3 (Groundball, 3, EV 93.1 MPH)
|
Batting: RHB Kyle Scruggs
|
0-0: Called Strike 0-1: Ball 1-1: Called Strike 1-2: Ball 2-2: Strikes out looking
|
Batting: RHB Jose Garate
|
0-0: Called Strike 0-1: Ball 1-1: Ball 2-1: Ball 3-1: Base on Balls
|
Batting: LHB Tatsuyuki Yamada
|
0-0: Called Strike 0-1: Fly out, F9 (Flyball, 89D, EV 83.8 MPH)
|
Top of the 6th over - 0 runs, 0 hits, 0 errors, 1 left on base; Vancouver 6 - Vermont 0 |
BOTTOM OF THE 6TH |
Vermont Lake Monsters batting - Pitching for Vancouver Canadians : RHP Josh Weinmann
|
Batting: RHB Justin Menotti
|
0-0: Ball 1-0: SINGLE (Line Drive, 8RS, EV 105.0 MPH)
|
Pitching: RHP Alexis Martinez
|
|
Batting: RHB Danny Heikkila
|
0-0: Ball Wild Pitch! Justin Menotti to second 1-0: Ball 2-0: Called Strike 2-1: SINGLE (Groundball, 34D, EV 101.2 MPH) Justin Menotti to third Runner from 3rd tries for Home, SAFE, throw by RF to home Danny Heikkila to second
|
Batting: RHB Ricardo Mariscal
|
0-0: Swinging Strike 0-1: Swinging Strike 0-2: Ground out 5-3 (Groundball, 56, EV 85.0 MPH)
|
Batting: LHB Billy Schultz
|
0-0: Foul Ball, location: 2F 0-1: Ball 1-1: Foul Ball, location: 2F 1-2: Ground out 5-3 (Groundball, 5, EV 79.4 MPH)
|
Batting: LHB Angel Sanchez
|
0-0: Swinging Strike 0-1: Ball 1-1: Ball 2-1: SINGLE (Line Drive, 89S, EV 101.2 MPH) Danny Heikkila to third Runner from 3rd tries for Home, SAFE, throw by RF to home
|
Batting: RHB Tony Moran
|
0-0: Called Strike 0-1: Ball 1-1: Called Strike 1-2: Foul Ball, location: 2F 1-2: Fielders Choice at 2nd, 5-4 (Groundball, 56, EV 87.5 MPH)
|
Bottom of the 6th over - 2 runs, 3 hits, 0 errors, 1 left on base; Vancouver 6 - Vermont 2 |
TOP OF THE 7TH |
Vancouver Canadians batting - Pitching for Vermont Lake Monsters : RHP Eddie Carrasco
|
Batting: LHB Edgar Castillo
|
0-0: Called Strike 0-1: Ball 1-1: Called Strike 1-2: Foul Ball, location: 2F 1-2: Foul Ball, location: 2F 1-2: Strikes out swinging
|
Batting: SHB Ryan Chicoine
|
0-0: Ball 1-0: Called Strike 1-1: Ball 2-1: Ball 3-1: Base on Balls
|
Batting: RHB Lamberto Amicis
|
0-0: Called Strike 0-1: Called Strike 0-2: Strikes out looking
|
Batting: RHB Dan Hilyer
|
0-0: Called Strike 0-1: Ball 1-1: Ball 2-1: Swinging Strike 2-2: Ground out 6-3 (Groundball, 6, EV 111.2 MPH)
|
Top of the 7th over - 0 runs, 0 hits, 0 errors, 1 left on base; Vancouver 6 - Vermont 2 |
BOTTOM OF THE 7TH |
Vermont Lake Monsters batting - Pitching for Vancouver Canadians : RHP Alexis Martinez
|
Now in LF: Adam Santarelli
|
|
Now in CF: Dan Hilyer
|
|
Now in RF: Julio Canseco
|
|
Batting: SHB Mike Jorgenson
|
0-0: Ground out 2-3 (Groundball, 13S, EV 73.8 MPH)
|
Batting: RHB Jose Marquez
|
0-0: Ball 1-0: Fly out, F5 (Line Drive, 5, EV 63.8 MPH)
|
Batting: RHB Brian Rathbun
|
0-0: Ball 1-0: Called Strike 1-1: Foul Ball, location: 2F 1-2: Strikes out swinging
|
Bottom of the 7th over - 0 runs, 0 hits, 0 errors, 0 left on base; Vancouver 6 - Vermont 2 |
TOP OF THE 8TH |
Vancouver Canadians batting - Pitching for Vermont Lake Monsters : RHP Eddie Carrasco
|
Pitching: RHP Darwin Nunez
|
|
Batting: LHB Adam Santarelli
|
0-0: Swinging Strike 0-1: Foul Ball, location: 2F 0-2: Ball 1-2: Fly out, F8 (Line Drive, 8LXD, EV 105.6 MPH)
|
Batting: LHB Teko van de Sande
|
0-0: Ball 1-0: Foul Ball, location: 2F 1-1: Foul Ball, location: 2F 1-2: Ball 2-2: Strikes out swinging
|
Batting: RHB Kyle Scruggs
|
0-0: Foul Ball, location: 2F 0-1: Ground out 6-3 (Groundball, 56, EV 99.4 MPH)
|
Top of the 8th over - 0 runs, 0 hits, 0 errors, 0 left on base; Vancouver 6 - Vermont 2 |
BOTTOM OF THE 8TH |
Vermont Lake Monsters batting - Pitching for Vancouver Canadians : RHP Alexis Martinez
|
Batting: RHB Justin Menotti
|
0-0: Called Strike 0-1: Ground out 5-3 (Groundball, 56S, EV 70.0 MPH)
|
Batting: RHB Danny Heikkila
|
0-0: SINGLE (Line Drive, 7S, EV 111.2 MPH)
|
Batting: RHB Ricardo Mariscal
|
0-0: Ball 1-0: Swinging Strike 1-1: Ball 2-1: Called Strike 2-2: Ball 3-2: Fielders Choice at 2nd, 6-4 (Groundball, 6, EV 104.4 MPH)
|
Batting: LHB Billy Schultz
|
0-0: Foul Ball, location: 2F 0-1: TRIPLE (Line Drive, 8RXD, EV 105.0 MPH) Ricardo Mariscal scores
|
Batting: LHB Angel Sanchez
|
0-0: Called Strike 0-1: Foul Ball, location: 2F 0-2: Foul Ball, location: 2F 0-2: Strikes out swinging
|
Bottom of the 8th over - 1 run, 2 hits, 0 errors, 1 left on base; Vancouver 6 - Vermont 3 |
TOP OF THE 9TH |
Vancouver Canadians batting - Pitching for Vermont Lake Monsters : RHP Darwin Nunez
|
Pitching: RHP David Mejia
|
|
Pinch Hitting: LHB Cedric Saunders
|
0-0: Called Strike 0-1: Ball 1-1: Ball 2-1: Swinging Strike 2-2: Strikes out swinging
|
Batting: LHB Tatsuyuki Yamada
|
0-0: Ball 1-0: Foul Ball, location: 2F 1-1: Called Strike 1-2: Strikes out looking
|
Batting: LHB Julio Canseco
|
0-0: Ground out 6-3 (Groundball, 4M, EV 101.2 MPH)
|
Top of the 9th over - 0 runs, 0 hits, 0 errors, 0 left on base; Vancouver 6 - Vermont 3 |
BOTTOM OF THE 9TH |
Vermont Lake Monsters batting - Pitching for Vancouver Canadians : RHP Alexis Martinez
|
Pitching: RHP Aaron Linkous
|
|
Now at 1B: Cedric Saunders
|
|
Batting: RHB Tony Moran
|
0-0: Called Strike 0-1: Ball 1-1: Foul Ball, location: 2F 1-2: SINGLE (Groundball, 34D, EV 101.9 MPH)
|
Batting: SHB Mike Jorgenson
|
0-0: Swinging Strike 0-1: Ball 1-1: Ball 2-1: Foul Ball, location: 2F 2-2: Ground out 4-3 (Groundball, 34S, EV 68.8 MPH) Tony Moran to second
|
Batting: RHB Jose Marquez
|
0-0: Ball Wild Pitch! Tony Moran to third 1-0: Foul Ball, location: 2F 1-1: Ball 2-1: Swinging Strike 2-2: Ball 3-2: Strikes out swinging
|
Pinch Hitting: LHB Oscar Rodriguez
|
0-0: Swinging Strike 0-1: Called Strike 0-2: Ball 1-2: Strikes out swinging
|
Bottom of the 9th over - 0 runs, 1 hit, 0 errors, 1 left on base; Vancouver 6 - Vermont 3 |
|